 Dungeon Crawl Stone Soup version 0.30-b1-2-g02819fbbbe (webtiles) character file.

Game seed: 11551121777017418291

69 Alarkh the Sneak (level 4, -1/35 HPs)
             Began as a Demonspawn Delver on July 5, 2023.
             Slain by Jessica
             ... wielding a +0 club
              (4 damage)
             ... on level 2 of the Dungeon.
             The game lasted 00:01:47 (1101 turns).

Alarkh the Sneak (Demonspawn Delver)                Turns: 1101, Time: 00:01:47

Health: -1/35      AC:  4    Str: 13    XL:     4   Next: 2%
Magic:  0/4        EV: 11    Int: 13    God:
Gold:   54         SH:  0    Dex: 14    Spells: 3/3 levels left

rFire   . .          .
                       - Unarmed
rCold   . . .        (no shield)
rNeg    . . .        a - +0 leather armour
rPois   .            (no helmet)
rElec   .            (no cloak)
rCorr   .            (no gloves)
SInv    .            k - +0 pair of boots
Will    .....        (no amulet)
Stlth   ++           (no ring)
HPRegen 0.25/turn    (no ring)
MPRegen 0.18/turn

%: guardian spirit
@: mighty
A: magic shield, magic regeneration
a: no special abilities


You were on level 2 of the Dungeon.
You visited 1 branch of the dungeon, and saw 5 of its levels.

You collected 54 gold pieces.

Inventory:

Hand Weapons
 b - a +0 sling
Armour
 a - a +0 leather armour (worn)
 k - a +0 pair of boots (worn)
Wands
 f - a wand of digging (3)
Scrolls
 c - a scroll of magic mapping
 d - a scroll of fear
 g - a scroll of fog
 i - a scroll of vulnerability {unknown}
 j - 2 scrolls of identify {unknown}
Potions
 e - a potion of haste
 h - a potion of brilliance {unknown}
 l - a potion of curing {unknown}
 m - a potion of might


   Skills:
 - Level 3.0 Fighting
 - Level 1.7 Dodging
 - Level 4.5 Stealth
 + Level 4.0 Unarmed Combat


You had 3 spell levels left.
You didn't know any spells.
Your spell library was empty.

Dungeon Overview and Level Annotations

Branches:
Dungeon (5/15)
 Temple: D:4-7

Altars:

Annotations:
D:2 Jessica


Innate Abilities, Weirdness & Mutations

When hurt, damage is shared between your health and your magic reserves.
You regenerate magic rapidly.


Message History

Jessica blinks!
Jessica points at you and mumbles some strange words.
Pain shoots through your body!
You hit Jessica but do no damage.
Jessica is moderately wounded.
Jessica hits you with a +0 club.
You hit Jessica but do no damage.
Jessica is moderately wounded.
Jessica hits you with a +0 club. Jessica gestures at you while chanting.
Pain shoots through your body!
You are too injured to fight recklessly!
You are too injured to fight recklessly!
You are too injured to fight recklessly!
You are too injured to fight recklessly!
You are too injured to fight recklessly!
You are too injured to fight recklessly!
You are too injured to fight recklessly!
You are too injured to fight recklessly!
You are too injured to fight recklessly!
You are too injured to fight recklessly!
It was a potion of might.
You feel very mighty all of a sudden. Jessica gestures at you while chanting.
Pain shoots through your body!
You closely miss Jessica.
Jessica is moderately wounded.
Jessica hits you with a +0 club.
* * * LOW HITPOINT WARNING * * *
Jessica hits you with a +0 club.
* * * LOW HITPOINT WARNING * * *
Okay, then.
You hit Jessica but do no damage.
Jessica is moderately wounded.
Jessica closely misses you.
You hit Jessica.
Jessica is severely wounded.
Jessica shouts, "You're disturbing me!
I'll have to kill you!" Jessica closely misses you.
Jessica hits you with a +0 club.
You die...

#################
..##............#
..##............########
).##....................
..##....................
..##†.....###...........
..##......# #...........
..##......# #...@@####
..##......# #.....#
..........# #.....##.#.####
.........................>#
...................#......#
..##.....................#
.............######.....#
............. #......#
............. #...†..#


You could see Jessica (fast).

Vanquished Creatures
  2 adders (D:3)
  3 dart slugs
  5 endoplasms
  2 giant cockroaches (D:2)
  3 hobgoblins (D:1)
  5 jackals
  A kobold (D:2)
  4 ball pythons
  5 bats
  2 frilled lizards (D:1)
  6 goblins
  4 rats
42 creatures vanquished.

Notes
Turn   | Place    | Note
-------+----------+-------------------------------------------
     0 | D:5      | Alarkh the Demonspawn Delver began the quest for the Orb.
     0 | D:5      | Reached XP level 1. HP: 18/18 MP: 1/1
     4 | D:5      | Noticed an iguana
    64 | D:3      | Gained mutation: You regenerate magic rapidly. [demonic
                  | ancestry]
    64 | D:3      | Reached XP level 2. HP: 8/24 MP: 2/2
   214 | D:1      | Gained mutation: When hurt, damage is shared between your
                  | health and your magic reserves. [demonic ancestry]
   214 | D:1      | Reached XP level 3. HP: 27/29 MP: 3/3
  1074 | D:2      | Reached XP level 4. HP: 35/35 MP: 4/4
  1088 | D:2      | Noticed Jessica
  1101 | D:2      | Slain by Jessica

Illustrated notes

Levels and vault maps discovered:
D:1:      dpeg_arrival_rooms_a, layout_loops_cross
D:2:      layout_basic, uniq_jessica
D:3:      wander_river, layout_rooms
D:4:      layout_gridville, nrook_campfire, nicolae_shop_overcharged_wands,
          uniq_ijyb
D:5:      layout_basic, grunt_dithmenos_smoke_and_mirrors, portal_sewer_entry_f,
          serial_shops, nicolae_shop_hallway_plus

Skill      XL: |  1  2  3  4 |
---------------+-------------+-----
Unarmed Combat | 2 3 4 |  4.0
Fighting       | |  3.0
Dodging        | |  1.7
Stealth        | |  4.5

Action                     |  1- 3 |  4- 6 || total
---------------------------+-------+-------++-------
  Melee: Unarmed           |   123 |    11 ||   134
         Punch             |     6 |       ||     6
   Fire: Sling             |     4 |       ||     4
    Use: Potion            |       |     1 ||     1
   Stab: Sleeping          |    10 |       ||    10
 Armour: Leather armour    |    37 |       ||    37
  Dodge: Dodged            |    69 |     8 ||    77
